 Dungeon Crawl Stone Soup version 0.31-a0-174-g85c54bcb58 (webtiles) character file.

Game seed: 5433245929294695415

107 qw the Chopper (level 4, -2/28 HPs)
             Began as a Gargoyle Fighter on June 15, 2023.
             Slain by an ogre
             ... wielding a +0 giant club
              (25 damage)
             ... on level 4 of the Dungeon.
             The game lasted 00:01:12 (2090 turns).

qw the Chopper (Gargoyle Fighter)                   Turns: 2090, Time: 00:01:13

Health: -2/28      AC: 12    Str: 22    XL:     4   Next: 86%
Magic:  0/4        EV:  8    Int:  8    God:
Gold:   164        SH:  4    Dex:  9    Spells: 3/3 levels left

rFire   . . .        Y - +0 war axe
rCold   . . .        c - +0 buckler
rNeg    + . .        g - +0 chain mail
rPois   inf          (no helmet)
rElec   +            (no cloak)
rCorr   .            (no gloves)
SInv    .            (no boots)
Will    .....        b - amulet of guardian spirit Stlth
                     (no ring)
HPRegen 0.24/turn    (no ring)
MPRegen 0.09/turn

%: guardian spirit
@: no status effects
A: sickness immunity, AC +3, negative energy resistance 1, electricity
resistance, torment resistance 1, petrification resistance
a: no special abilities


You were on level 4 of the Dungeon.
You visited 1 branch of the dungeon, and saw 4 of its levels.

You collected 164 gold pieces.


Innate Abilities, Weirdness & Mutations

You are immune to sickness and miasma.
Your stone body is resilient. (AC +3)
You are immune to poison.
You resist negative energy. (rN+)
You are resistant to electric shocks. (rElec)
You are resistant to unholy torment.
You are immune to petrification.


   Skills:
 - Level 3.2 Fighting
 + Level 4.4 Axes
 - Level 3.2 Armour
 - Level 3.2 Shields


You had 3 spell levels left.
You didn't know any spells.
Your spell library was empty.

Inventory:

Hand Weapons
 m - a +0 whip
 Y - a +0 war axe (weapon)
Armour
 c - a +0 buckler (worn)
 g - a +0 chain mail (worn)
Jewellery
 b - an amulet of guardian spirit (around neck)
Scrolls
 h - a scroll of teleportation
Potions
 d - a potion of might
 e - a potion of curing {unknown}
 f - a potion of cancellation {unknown}
 i - a potion of haste {unknown}
 j - a potion of mutation {unknown}
 k - a potion of degeneration {unknown}
 l - a potion of magic {unknown}

Dungeon Overview and Level Annotations

Branches:
Dungeon (4/15)
 Temple: D:4-7

Altars:
Vehumet

Shops:
D:1 ?


Message History

It is a scroll of identify.
Really abort (and waste the scroll)?
Done exploring.
(D) Dungeon
Where to? (* - list waypoints, Enter - D:3, ? - help)
What level of the Dungeon? (default 1, ? - help)
There is a stone staircase leading down here.
You climb downwards.
Found a scroll of teleportation.
Found a stone staircase leading up.
There is a stone staircase leading up here.
Waypoint 3 assigned to D:4.
An ogre and a ball python come into view.
Found a stone staircase leading down.
The ogre shouts!
The ball python hisses angrily.
An endoplasm comes into view.
You hit the ball python.
The ball python is moderately wounded.
The ball python bites you but does no damage.
The ball python barely misses you. The ball python closely misses you. x2
You hit the ball python but do no damage.
The ball python is moderately wounded.
You barely miss the ogre. You block the ball python's attack.
The ball python closely misses you. The ogre closely misses you.
You slash the ball python!
You kill the ball python!
You barely miss the ogre. The ogre barely misses you.
The endoplasm closely misses you.
You hit the ogre.
The ogre is lightly wounded.
You hit the endoplasm. You block the ogre's attack. The endoplasm hits you.
You hit the endoplasm.
The endoplasm is severely wounded.
You slash the ogre! The endoplasm freezes you.
You are frozen.
The ogre hits you with a +0 giant club!!
Ouch! That really hurt!
You die...

#######
.$...$.
.......
.......
........
#.....#
.......
......#
.......
......#
.....
.......


You could see an ogre and an endoplasm.

Vanquished Creatures
  3 adders
  2 dart slugs
  An orc (D:3)
  9 bats
  9 endoplasms
  4 giant cockroaches
  3 goblins
  8 hobgoblins
  9 jackals
  5 kobolds
  4 quokkas
  3 ball pythons
  3 frilled lizards
  A rat (D:1)
64 creatures vanquished.

Notes
Turn   | Place    | Note
-------+----------+-------------------------------------------
     0 | D:1      | qw the Gargoyle Fighter began the quest for the Orb.
     0 | D:1      | Reached XP level 1. HP: 14/14 MP: 1/1
     0 | D:1      | 0 ||| qw: Version: 0.2-a-29-g511e9b1
     0 | D:1      | 0 ||| qw: Game counter: 5425
     0 | D:1      | 0 ||| qw: Always use a shield: true
     0 | D:1      | 0 ||| qw: God list: Okawaru
     0 | D:1      | 0 ||| qw: Allow faded altars: false
     0 | D:1      | 0 ||| qw: Do Orc after D:15 true
     0 | D:1      | 0 ||| qw: Do second Lair branch before Depths: true
     0 | D:1      | 0 ||| qw: Lair rune preference: random
     0 | D:1      | 0 ||| qw: Plans: Normal, Zot:1-4, Slime:5, God:TSO, Crypt,
                  | Tomb, Abyss, Pan, Hells, Win
     0 | D:1      | 0 ||| PLANNING D:1-11
    66 | D:1      | Reached skill level 2 in Axes
   101 | D:1      | Found Sisethev's Magic Scroll Boutique.
   107 | D:1      | Reached XP level 2. HP: 19/19 MP: 2/2
   202 | D:1      | Reached skill level 3 in Axes
   222 | D:1      | Reached XP level 3. HP: 23/23 MP: 3/3
   489 | D:1      | 489 ||| UPGRADING to +0 chain mail.
   499 | D:1      | 499 ||| DROPPING +0 scale mail.
   500 | D:1      | 500 ||| DROPPING ring of wizardry.
   501 | D:1      | 501 ||| READING scroll labelled TUDACU BOGOCKAURR.
   536 | D:2      | Found a radiant altar of Vehumet.
   654 | D:2      | 654 ||| Stepping ~*~*~tactically~*~*~ (stealth).
   656 | D:2      | 656 ||| Stepping ~*~*~tactically~*~*~ (stealth).
   725 | D:2      | Found a faded altar of an unknown god.
   884 | D:2      | Reached XP level 4. HP: 28/28 MP: 4/4
   940 | D:2      | Reached skill level 4 in Axes
  1372 | D:2      | 1372 ||| READING scroll labelled AMEDDE ANGAU.
  1473 | D:2      | 1473 ||| READING scroll labelled PEQOWU FEAKLUSHI.
  1474 | D:2      | 1474 ||| READING scroll labelled PIMEUQO WE OXE.
  1516 | D:3      | 1516 ||| Stepping ~*~*~tactically~*~*~ (stealth).
  1544 | D:3      | 1544 ||| Stepping ~*~*~tactically~*~*~ (stealth).
  2062 | D:3      | 2062 ||| UPGRADING to amulet of guardian spirit.
  2067 | D:3      | 2067 ||| DROPPING amulet of magic regeneration.
  2068 | D:3      | 2068 ||| READING scroll labelled ITTIHA YCIS.
  2069 | D:3      | 2069 ||| READING scroll labelled NOTOIMP PA KAU.
  2081 | D:4      | Noticed an ogre
  2090 | D:4      | Slain by an ogre

Levels and vault maps discovered:
D:1:      dpeg_arrival_rhombi, layout_rooms, serial_shops, shop
D:2:      minmay_wonky_spiral, layout_loops_ring, basic_altar,
          shapermc_ecumenical_altar_pompeii
D:3:      layout_rooms, item_on_display_a
D:4:      layout_gridville, ebering_ghost_sewer_d, uniq_sigmund

Skill      XL: |  1  2  3  4 |
---------------+-------------+-----
Axes           | 2 3 4 |  4.4
Fighting       | |  3.2
Armour         | |  3.2
Shields        | |  3.2

Action                     |  1- 3 |  4- 6 || total
---------------------------+-------+-------++-------
  Melee: War axe           |   105 |    93 ||   198
    Use: Scroll            |     1 |     5 ||     6
 Armour: Scale mail        |    29 |       ||    29
         Chain mail        |    39 |    53 ||    92
  Dodge: Dodged            |    44 |    46 ||    90
  Block: Buckler           |    17 |    15 ||    32

Table legend:
 A = Non-vault XP
 B = Vault XP
 C = Vault XP percentage of total XP
 D = Non-vault monster count
 E = Vault monster count
 F = Vault count percentage of total count
                 A         B        C        D         E       F
            +---------+---------+-------+---------+---------+-------
      Total |     152 |       2 |   1.3 |      63 |       1 |   1.6
            +---------+---------+-------+---------+---------+-------
        D:1 |      49 |       0 |   0.0 |      26 |       0 |   0.0
        D:2 |      63 |       2 |   3.1 |      21 |       1 |   4.5
        D:3 |      38 |       0 |   0.0 |      15 |       0 |   0.0
        D:4 |       2 |       0 |   0.0 |       1 |       0 |   0.0
            +---------+---------+-------+---------+---------+-------
